 Dungeon Crawl Stone Soup version 0.31-a0-236-g9a0961fb85 (webtiles) character file.

Game seed: 7343798622326600840

3030 qw the Skirmisher (level 9, -5/57 HPs)
             Began as a Gargoyle Hexslinger on July 10, 2023.
             Was a Believer of Okawaru.
             Slain by a yak (12 damage)
             ... on level 7 of the Dungeon.
             The game lasted 00:03:30 (6586 turns).

qw the Skirmisher (Gargoyle Hexslinger)             Turns: 6586, Time: 00:03:30

Health: -5/57      AC: 12    Str: 11    XL:     9   Next: 86%
Magic:  10/12      EV: 15    Int: 15    God:    Okawaru [**....]
Gold:   267        SH:  0    Dex: 16    Spells: 9/10 levels left

rFire   . . .        Y - +1 shortbow
rCold   + . .        (shield currently unavailable)
rNeg    + . .        g - +1 leather armour {rPois}
rPois   inf          l - +0 helmet
rElec   +            (no cloak)
rCorr   .            (no gloves)
SInv    +            (no boots)
Will    .....        m - amulet of faith
Stlth   +++          i - ring of see invisible
HPRegen 0.29/turn    b - ring of protection from cold
MPRegen 0.13/turn

%: faith
@: heroic
A: sickness immunity, AC +6, negative energy resistance 1, electricity
resistance, torment resistance 1, petrification resistance
a: Renounce Religion, Heroism


You were on level 7 of the Dungeon.
You worshipped Okawaru.
Okawaru was pleased with you.
You visited 2 branches of the dungeon, and saw 8 of its levels.

You collected 295 gold pieces.
You spent 28 gold pieces at shops.


Innate Abilities, Weirdness & Mutations

You are immune to sickness and miasma.
Your stone body is resilient. (AC +6)
You are immune to poison.
You resist negative energy. (rN+)
You are resistant to electric shocks. (rElec)
You are resistant to unholy torment.
You are immune to petrification.


   Skills:
 - Level 7.6(12.6) Fighting
 + Level 10.2(15.2) Ranged Weapons
 - Level 2.1(7.1) Armour
 - Level 3.0(8.0) Dodging
 - Level 1.0 Spellcasting
 - Level 2.6 Hexes
 - Level 4.1 Invocations


You had 9 spell levels left.
You knew the following spells:

 Your Spells              Type           Power      Damage    Failure   Level
a - Slow                  Hex            32%        N/A       11%         1

Your spell library contained the following spells:

 Spells                   Type           Power      Damage    Failure   Level
 Inner Flame              Hex/Fire       4%         N/A       47%         3
 Portal Projectile        Hex/Tloc       8%         N/A       47%         3
 Cause Fear               Hex            4%         N/A       71%         4

Inventory:

Hand Weapons
 Y - a +1 shortbow (weapon)
Armour
 g - a +1 leather armour of poison resistance (worn)
 l - a +0 helmet (worn)
 n - +0 swamp dragon scales
Jewellery
 a - a ring of protection from cold
 b - a ring of protection from cold (right hand)
 i - a ring of see invisible (left hand)
 m - an amulet of faith (around neck)
Wands
 j - a wand of digging (3)
Scrolls
 d - 2 scrolls of identify
 o - a scroll of vulnerability {unknown}
Potions
 c - a potion of haste
 e - a potion of curing
 f - 2 potions of might
 h - a potion of resistance
 k - a potion of enlightenment

Dungeon Overview and Level Annotations

Branches:
Dungeon (7/15)             Temple (1/1) D:5

Altars:
Ashenzari
Elyvilon
Fedhas
Gozag
Kikubaaqudgha
Makhleb
Nemelex Xobeh
Okawaru
Qazlal
Ru
Sif Muna
Trog
Vehumet
Wu Jian
Yredelemnul
Zin
The Shining One

Shops:
D:1 *   D:2 ([([   D:3 [

Annotations:
D:5 1 runed translucent door, qw's ghost, amateur MiHs
D:6 2 transporters, qw's ghost, novice GrHs


Message History

You shoot an arrow. The yak bellows!
The arrow hits the yak.
The yak is heavily wounded.
The yak gores you.
You shoot an arrow. The arrow hits the yak!
The yak is almost dead.
The yak gores you!
You shoot an arrow.
The arrow hits the yak but does no damage.
The yak is almost dead.
The yak gores you. The yak completely misses you.
You shoot an arrow. The arrow hits the yak.
The yak is almost dead.
The yak gores you! The yak gores you. The yak misses you.
6579 ||| INVOKING Heroism.
You gain the combat prowess of a mighty hero.
The yak gores you. The yak misses you. x2
You shoot an arrow.
The arrow hits the yak but does no damage.
The yak is almost dead.
The yak completely misses you. The yak gores you but does no damage.
The yak barely misses you.
You shoot an arrow. The arrow hits the yak!
You kill the yak!
Okawaru accepts your kill.
You shoot an arrow. The arrow hits the yak!
The yak is moderately wounded.
The yak gores you!
You shoot an arrow. The arrow hits the yak.
The yak is moderately wounded.
The yak gores you. The yak gores you but does no damage. The yak gores you.
You shoot an arrow. The arrow hits the yak.
The yak is heavily wounded.
You shoot an arrow. The arrow barely misses the yak.
The yak gores you. The yak barely misses you. The yak completely misses you.
You shoot an arrow. The arrow hits the yak!
The yak is severely wounded.
The yak gores you!
You die...

# ###### .#. ##.....
...) ##...... .)..
#....... #..#####
#....).. #YY@..###
#.......
##YY....#####.......
#............<.....
............###.......
.######.....###.......
###.....#.......
##..#.........
#............
#.##.........


You could see 4 yaks.

Vanquished Creatures
  Maggie (D:7)
  Sigmund (D:5)
  A yak (D:7)
  A wyvern (D:7)
  Menkaure (D:4)
  A black bear (D:5)
  An ogre (D:7)
  A centaur (D:7)
  3 phantoms
  A kobold brigand (D:7)
  A bullfrog (D:7)
  3 scorpions (D:5)
  4 wights (D:6)
  4 killer bees (D:7)
  4 howler monkeys
  4 orc priests
  6 hounds
  A gnoll bouda (D:7)
  6 iguanas
  A sleepcap (D:6)
  2 orc wizards
  8 gnolls
  12 adders
  A shadow imp (D:6)
  2 white imps
  An ufetubus (D:7)
  A worm (D:2)
  3 dart slugs
  14 orcs
  9 bats
  6 endoplasms
  2 giant cockroaches (D:1)
  9 goblins
  9 hobgoblins
  17 kobolds
  3 quokkas
  4 ball pythons
  A frilled lizard (D:1)
  7 rats
157 creatures vanquished.

Notes
Turn   | Place    | Note
-------+----------+-------------------------------------------
     0 | D:1      | qw the Gargoyle Hexslinger began the quest for the Orb.
     0 | D:1      | Reached XP level 1. HP: 12/12 MP: 2/2
     0 | D:1      | 0 ||| qw: Version: 0.3-a-52-g30416fa
     0 | D:1      | 0 ||| qw: Game counter: 4942
     0 | D:1      | 0 ||| qw: Melee chars always use a shield: true
     0 | D:1      | 0 ||| qw: God list: Okawaru
     0 | D:1      | 0 ||| qw: Allow faded altars: false
     0 | D:1      | 0 ||| qw: Do Orc after clearing Dungeon:15 true
     0 | D:1      | 0 ||| qw: Do second Lair branch before Depths: true
     0 | D:1      | 0 ||| qw: Lair rune preference: random
     0 | D:1      | 0 ||| qw: Goals: Normal
     0 | D:1      | 0 ||| PLANNING D:1-11
    60 | D:1      | Reached XP level 2. HP: 14/16 MP: 3/3
   102 | D:1      | Found Nuisuerch's General Store.
   115 | D:1      | 115 ||| SHOPLISTING +4 arbalest of freezing (421 gold, have
                  | 14).
   115 | D:1      | 115 ||| SHOPLISTING potion of curing (42 gold, have 14).
   115 | D:1      | 115 ||| SHOPLISTING scroll of identify (28 gold, have 14).
   131 | D:1      | Reached skill level 3 in Ranged Weapons
   425 | D:1      | Reached XP level 3. HP: 21/21 MP: 4/4
   607 | D:1      | 607 ||| READING scroll labelled WEDWOI JIUX.
   608 | D:1      | 608 ||| READING scroll labelled HIZ DOM IZITT.
   609 | D:1      | 609 ||| READING 2 scrolls labelled SESOFOSHRUR.
   610 | D:1      | 610 ||| DRINKING 2 orange potions.
   611 | D:1      | 611 ||| DRINKING 2 ruby potions.
   612 | D:1      | 612 ||| DROPPING scroll of poison.
   613 | D:1      | 613 ||| DROPPING scroll of revelation.
   720 | D:2      | You fall into a shaft and drop 1 floor!
   754 | D:3      | 754 ||| READING scroll labelled URGHAY GANN.
   770 | D:2      | Found Exonoguod's Armour Shoppe.
   779 | D:2      | 779 ||| BUYING +0 leather armour (28 gold).
   779 | D:2      | Bought a +0 leather armour for 28 gold pieces
   779 | D:2      | 779 ||| SHOPLISTING +0 ring mail (56 gold, have 29).
   779 | D:2      | 779 ||| SHOPLISTING +1 leather armour of willpower (196
                  | gold, have 29).
  1023 | D:2      | Found Ceskywol's Weapon Boutique.
  1031 | D:2      | 1031 ||| SHOPLISTING +11 arbalest of the Fortifying Gods
                  | {flame, Dex+3 Stlth+} (871 gold, have 60).
  1077 | D:2      | Found Baczukli's Weapon Boutique.
  1086 | D:2      | Found Unoha's Antique Armour Boutique.
  1092 | D:2      | 1092 ||| UPGRADING to +0 leather armour.
  1103 | D:2      | Reached XP level 4. HP: 26/26 MP: 5/5
  1103 | D:2      | 1103 ||| DROPPING +0 robe.
  1114 | D:2      | 1114 ||| SHOPLISTING pair of boots (108 gold, have 60).
  1114 | D:2      | 1114 ||| SHOPLISTING pair of twisted gloves (228 gold, have
                  | 60).
  1114 | D:2      | 1114 ||| SHOPLISTING runed helmet (180 gold, have 60).
  1114 | D:2      | 1114 ||| SHOPLISTING runed leather armour (120 gold, have
                  | 60).
  1114 | D:2      | 1114 ||| SHOPLISTING runed ring mail (168 gold, have 60).
  1114 | D:2      | 1114 ||| SHOPLISTING shiny troll leather armour (432 gold,
                  | have 60).
  1134 | D:2      | Reached skill level 4 in Ranged Weapons
  1171 | D:2      | 1171 ||| SWAPPING to +0 shortbow.
  1172 | D:2      | 1172 ||| DROPPING +1 sling.
  1210 | D:2      | 1210 ||| UPGRADING to ring of see invisible.
  1211 | D:2      | 1211 ||| READING scroll labelled UXOPEMA SILUMPUI.
  1212 | D:2      | 1212 ||| READING scroll labelled DAOSOA WEHENG.
  1217 | D:2      | 1217 ||| READING scroll labelled RAEJIALAKA.
  1218 | D:2      | 1218 ||| READING scroll labelled IWNYTZOUTI.
  1219 | D:2      | 1219 ||| DRINKING 2 dark potions.
  1256 | D:3      | 1256 ||| Stepping ~*~*~tactically~*~*~ (water).
  1433 | D:3      | Found Cestuenot's Antique Armour Emporium.
  1439 | D:3      | 1439 ||| SHOPLISTING cloak (117 gold, have 77).
  1439 | D:3      | 1439 ||| SHOPLISTING ring mail (104 gold, have 77).
  1486 | D:3      | Reached skill level 5 in Ranged Weapons
  1486 | D:3      | Reached XP level 5. HP: 17/30 MP: 6/6
  2019 | D:3      | 2019 ||| UPGRADING to +1 leather armour of poison
                  | resistance.
  2029 | D:3      | 2029 ||| DROPPING +0 leather armour.
  2030 | D:3      | 2030 ||| UPGRADING to ring of protection from cold.
  2031 | D:3      | 2031 ||| READING scroll labelled QEIMEXZO XYLLI.
  2175 | D:4      | Noticed Menkaure
  2187 | D:4      | Killed Menkaure
  2188 | D:4      | Reached XP level 6. HP: 21/39 MP: 7/7
  2188 | D:4      | 2188 ||| FLEEEEING.
  2196 | D:4      | 2196 ||| STAIRDANCE
  2255 | D:3      | 2255 ||| READING scroll labelled QUMUXK YMUA.
  2299 | D:4      | HP: 5/39 [gnoll/+0 spear (6)]
  2300 | D:4      | 2300 ||| READING 2 scrolls of teleportation.
  2301 | D:4      | 2301 ||| DRINKING potion of heal wounds.
  2581 | D:4      | Reached skill level 6 in Ranged Weapons
  2581 | D:4      | Reached XP level 7. HP: 44/44 MP: 8/8
  2938 | D:5      | Entered Level 5 of the Dungeon
  3001 | D:5      | Found a runed translucent door.
  3001 | D:5      | Noticed qw's ghost (amateur MiHs)
  3173 | D:5      | Reached skill level 7 in Ranged Weapons
  3395 | D:5      | 3395 ||| DRINKING 4 potions of curing.
  3395 | D:5      | 3395 ||| (to cure confusion)
  3396 | D:5      | 3396 ||| Stepping ~*~*~tactically~*~*~ (outnumbered).
  3397 | D:5      | Noticed Sigmund
  3402 | D:5      | 3402 ||| Stepping ~*~*~tactically~*~*~ (outnumbered).
  3405 | D:5      | 3405 ||| DRINKING 3 potions of curing.
  3405 | D:5      | 3405 ||| (to cure confusion)
  3409 | D:5      | HP: 11/44 [iguana (4)]
  3410 | D:5      | 3410 ||| READING scroll of teleportation.
  3738 | D:5      | Found a staircase to the Ecumenical Temple.
  3739 | D:5      | 3739 ||| PLANNING TEMPLE
  3739 | D:5      | 3739 ||| UPGRADING to +0 helmet.
  3744 | D:5      | 3744 ||| UPGRADING to amulet of faith.
  3749 | D:5      | 3749 ||| READING 4 scrolls of identify.
  3749 | D:5      | 3749 ||| IDENTIFYING blue potion
  3750 | D:5      | 3750 ||| READING 3 scrolls of identify.
  3750 | D:5      | 3750 ||| IDENTIFYING bubbling orange potion
  3751 | D:5      | 3751 ||| READING 2 scrolls of identify.
  3751 | D:5      | 3751 ||| IDENTIFYING yellow potion
  3752 | D:5      | 3752 ||| DROPPING potion of attraction.
  3757 | Temple   | Entered the Ecumenical Temple
  3757 | Temple   | Found a transporter.
  3757 | Temple   | Found a transporter.
  3759 | Temple   | Found a transporter.
  3759 | Temple   | Found a transporter.
  3769 | Temple   | 3769 ||| PLANNING D:1-11
  3772 | Temple   | 3772 ||| PLANNING OKAWARU WORSHIP
  3774 | Temple   | Became a worshipper of Warmaster Okawaru
  3775 | Temple   | 3775 ||| PLANNING D:1-11
  3971 | D:5      | Reached * piety under Okawaru
  3972 | D:5      | Reached XP level 8. HP: 25/48 MP: 9/9
  4147 | D:5      | 4147 ||| INVOKING Heroism.
  4149 | D:5      | 4149 ||| DRINKING 2 potions of curing.
  4149 | D:5      | 4149 ||| (to cure confusion)
  4152 | D:5      | Reached skill level 8 in Ranged Weapons
  4181 | D:5      | Killed Sigmund
  4357 | D:5      | Reached skill level 1 in Invocations
  4398 | D:5      | 4398 ||| READING scroll labelled FULE FEMIONEF.
  4522 | D:6      | 4522 ||| STAIRDANCE
  4882 | D:6      | Noticed qw's ghost (novice GrHs)
  4936 | D:6      | Reached skill level 3 in Invocations
  4968 | D:6      | Found a transporter.
  4970 | D:6      | Noticed a toenail golem
  4971 | D:6      | 4971 ||| INVOKING Heroism.
  5023 | D:6      | Found a transporter.
  5185 | D:6      | 5185 ||| Stepping ~*~*~tactically~*~*~ (outnumbered).
  5186 | D:6      | 5186 ||| Stepping ~*~*~tactically~*~*~ (outnumbered).
  5206 | D:6      | Reached XP level 9. HP: 42/55 MP: 10/12
  5414 | D:6      | 5414 ||| READING 3 scrolls of identify.
  5414 | D:6      | 5414 ||| IDENTIFYING glowing red potion
  5443 | D:7      | 5443 ||| INVOKING Heroism.
  5456 | D:7      | Reached skill level 9 in Ranged Weapons
  5586 | D:7      | Reached skill level 6 in Fighting
  5605 | D:7      | 5605 ||| INVOKING Heroism.
  5638 | D:7      | Reached ** piety under Okawaru
  5642 | D:7      | 5642 ||| INVOKING Heroism.
  5650 | D:7      | Reached skill level 10 in Ranged Weapons
  5721 | D:7      | 5721 ||| INVOKING Heroism.
  5723 | D:7      | 5723 ||| FLEEEEING.
  5853 | D:7      | 5853 ||| FLEEEEING.
  5865 | D:7      | 5865 ||| Stepping ~*~*~tactically~*~*~ (outnumbered).
  5926 | D:7      | 5926 ||| INVOKING Heroism.
  5943 | D:7      | Reached skill level 3 in Dodging
  5969 | D:7      | 5969 ||| FLEEEEING.
  5970 | D:7      | 5970 ||| FLEEEEING.
  5980 | D:7      | 5980 ||| STAIRDANCE
  6097 | D:7      | 6097 ||| INVOKING Heroism.
  6233 | D:7      | 6233 ||| INVOKING Heroism.
  6337 | D:7      | Noticed Maggie
  6355 | D:7      | 6355 ||| INVOKING Heroism.
  6364 | D:7      | HP: 9/56 [Maggie/bolt of fire (25)]
  6365 | D:7      | 6365 ||| READING scroll of teleportation.
  6367 | D:7      | Killed Maggie
  6579 | D:7      | 6579 ||| INVOKING Heroism.
  6583 | D:7      | HP: 11/57 [yak (5)]
  6586 | D:7      | Slain by a yak

Levels and vault maps discovered:
D:1:      psy_arrival_terrarium, layout_loops_ring, serial_shops, shop
D:2:      layout_loops_cross, serial_shops, shop,
          nicolae_shop_bloodbath_and_beyond,
          nicolae_shop_competitors_out_of_business, nicolae_shop_peninsula,
          feat_on_display
D:3:      layout_loops_cross, serial_shops, shop, roderic_roman_lattice,
          kennysheep_big_empty_room, minivault_4, kennysheep_path_1,
          corexii_hall_statues_t, supply_closet_lemuel
D:4:      nicolae_BIG_FREAKIN_CUBE, layout_basic, grunt_decor_one_mirror,
          uniq_menkaure
D:5:      layout_loops_ring, temple_doors_e, hellmonk_ghost_happy_afterlife,
          uniq_sigmund
D:6:      cheibrodos_quashed, layout_basic, gammafunk_ghost_abyssal_escape,
          dk_noncrumbling_2, minivault_27
D:7:      layout_rooms, kb_lookout_dungeons_type, minmay_misc_feat_rows,
          uniq_maggie
Temple:   hellmonk_temple_divided_pantheon

Skill      XL: |  1  2  3  4  5  6  7  8  9 |
---------------+----------------------------+-----
Ranged Weapons | 3 5 6 7 8 10 | 10.2
Fighting       | 2 4 5 7 |  7.6
Armour         | 2 |  2.1
Invocations    | 4 |  4.1
Dodging        | 2 3 |  3.0
Spellcasting   | |  1.0
Hexes          | |  2.6

Action                     |  1- 3 |  4- 6 |  7- 9 || total
---------------------------+-------+-------+-------++-------
   Fire: Sling             |   125 |     5 |       ||   130
         Shortbow          |       |   175 |   625 ||   800
 Invoke: Heroism           |       |       |    11 ||    11
    Use: Scroll            |     4 |     7 |     7 ||    18
         Potion            |     2 |     2 |     3 ||     7
 Armour: Robe              |    14 |       |       ||    14
         Leather armour    |       |    44 |   149 ||   193
  Dodge: Dodged            |    28 |    68 |   277 ||   373

Table legend:
 A = Non-vault XP
 B = Vault XP
 C = Vault XP percentage of total XP
 D = Non-vault monster count
 E = Vault monster count
 F = Vault count percentage of total count
                 A         B        C        D         E       F
            +---------+---------+-------+---------+---------+-------
      Total |    3448 |     881 |  20.4 |     153 |       4 |   2.5
            +---------+---------+-------+---------+---------+-------
        D:1 |      43 |       0 |   0.0 |      25 |       0 |   0.0
        D:2 |      53 |       0 |   0.0 |      15 |       0 |   0.0
        D:3 |     121 |       0 |   0.0 |      22 |       0 |   0.0
        D:4 |     307 |     172 |  35.9 |      23 |       1 |   4.2
        D:5 |     862 |     223 |  20.6 |      19 |       1 |   5.0
        D:6 |     646 |       0 |   0.0 |      18 |       0 |   0.0
        D:7 |    1416 |     486 |  25.6 |      31 |       2 |   6.1
            +---------+---------+-------+---------+---------+-------
